 Dungeon Crawl Stone Soup version 0.31.0-10-gcf4a605ca0 (webtiles) character file.

Game seed: 14203397806684178301

4225 monsoonserge the Slicer (level 10, 0/76 HPs)
             Began as a Spriggan Monk on Jan 25, 2024.
             Was an Initiate of Uskayaw.
             Slain by a killer bee (7 damage)
             ... on level 9 of the Dungeon.
             The game lasted 00:38:22 (10189 turns).

monsoonserge the Slicer (Spriggan Monk)            Turns: 10189, Time: 00:38:23

Health: 0/76       AC: 25    Str:  6    XL:     10   Next: 9%
Magic:  10/13      EV:  4    Int: 17    God:    Uskayaw [......]
Gold:   251        SH:  0    Dex: 32    Spells: 9/9 levels left

rFire   . . .        I - +3 short sword
rCold   . . .        (no shield)
rNeg    . . .        b - melded +0 robe
rPois   +            (helmet currently unavailable)
rElec   .            N - melded +0 cloak
rCorr   .            (gloves unavailable)
SInv    +            (boots unavailable)
Will    +....        J - amulet "Tadolua" {Acrobat SInv}
Stlth   +++++        l - +6 ring of dexterity
HPRegen 0.32/turn    z - +6 ring of intelligence
MPRegen 0.13/turn

%: acrobat
@: lethally poisoned (0 -> -15), tree-form
A: stationary, stasis, torment immunity, boosted hp, very small, no large
weapons, unfitting armour, see invisible, (speed 3), agile 1, passive freeze
a: Renounce Religion


You were on level 9 of the Dungeon.
You worshipped Uskayaw.
Uskayaw was noncommittal.
You were a tree.
You visited 2 branches of the dungeon, and saw 11 of its levels.
You also visited: Ossuary.

You collected 382 gold pieces.
You spent 131 gold pieces at shops.

Inventory:

Hand Weapons
 n - a +1 dagger of electrocution
 I - a +3 short sword (weapon)
 K - a +2 dagger of venom
Missiles
 f - 5 boomerangs (quivered)
Armour
 b - a +0 robe (melded)
 d - an orb of light
 N - a +0 cloak (melded)
Jewellery
 g - a ring of fire
 l - a +6 ring of dexterity (left branch)
 z - a +6 ring of intelligence (right branch)
 J - the amulet "Tadolua" (around neck) {Acrobat SInv}
   (You found it on level 6 of the Dungeon)

   [amulet of the acrobat]

   Acrobat:   It increases your evasion while moving and waiting.
   SInv:      It lets you see invisible.
Wands
 v - a wand of charming (25)
 E - a wand of iceblast (4)
Scrolls
 a - a scroll of revelation {unknown}
 h - 2 scrolls of fog {unknown}
 m - 3 scrolls of immolation {unknown}
 p - 5 scrolls of amnesia {unknown}
 q - 11 scrolls of identify {unknown}
 s - 2 scrolls of poison {unknown}
 u - 4 scrolls of fear {unknown}
 w - 6 scrolls of teleportation {unknown}
 x - a scroll of brand weapon {unknown}
 y - a scroll of acquirement {unknown}
 F - 2 scrolls of blinking {unknown}
 L - a scroll of vulnerability {unknown}
 M - 2 scrolls of summoning {unknown}
 O - a scroll of enchant armour {unknown}
Potions
 c - a potion of ambrosia
 e - 3 potions of mutation
 i - 2 potions of lignification
 j - 2 potions of magic {unknown}
 k - 5 potions of degeneration {unknown}
 o - a potion of resistance {unknown}
 r - a potion of attraction {unknown}
 t - a potion of brilliance {unknown}
 A - 2 potions of curing {unknown}
 B - a potion of berserk rage {unknown}
 C - 2 potions of might {unknown}
 D - a potion of enlightenment {unknown}
 G - a potion of heal wounds {unknown}
 H - a potion of cancellation {unknown}


   Skills:
 + Level 4.8 Fighting
 * Level 9.9 Short Blades
 + Level 4.4 Throwing
 + Level 8.6 Dodging
 + Level 9.7 Stealth
 * Level 3.7 Invocations
 + Level 3.2 Evocations


You had 9 spell levels left.
You didn't know any spells.
Your spell library contained the following spells:

 Spells                   Type           Power      Damage    Failure   Level
 Freeze                   Ice            0%         1d3       24%         1
 Kiss of Death            Conj/Necr      0%         2d5       24%         1
 Confusing Touch          Hex            0%         N/A       56%         3
 Frozen Ramparts          Ice            0%         1d1       56%         3
 Hailstorm                Conj/Ice       0%         3d5       56%         3
 Inner Flame              Hex/Fire       0%         N/A       56%         3
 Dispel Undead            Necr           0%         3d6       93%         4
 Irradiate                Conj/Alch      0%         3d11      100%        5
 Ignition                 Fire           0%         3d3       100%        8


Dungeon Overview and Level Annotations

Branches:
Dungeon (10/15)            Temple (1/1) D:6         Ossuary (visited)
   Lair: D:8-11         Orc: D:9-12

Altars:
Dithmenos
Elyvilon
Fedhas
Gozag
Hepliaklqana
Kikubaaqudgha
Makhleb
Okawaru
Qazlal
Ru
Sif Muna
Trog
Uskayaw
Vehumet
Wu Jian
Xom
Yredelemnul
Zin
The Shining One

Shops:
D:4 *   D:6 ?

Annotations:
D:3 1 runed translucent door, Crazy Yiuf
D:4 Eustachio
Temple 2 transporters


Innate Abilities, Weirdness & Mutations

You are a tree.
Your roots penetrate the ground, keeping you stationary.
You cannot be teleported.
You are immune to unholy pain and torment.
Your maximum health is greatly increased.
Your equipment is partially melded.
You are very small and have problems with some larger weapons.
You are too small for most types of armour.
You have supernaturally acute eyesight. (SInv)
((You cover ground extremely quickly. (Speed+++)))
You are agile. (Dex +4, Str/Int -1)
A frigid envelope surrounds you and freezes all who hurt you.


Message History

You stomp with the beat, sending a shockwave through the revellers around you!
The killer bee is severely wounded.
The killer bee is heavily wounded.
You can no longer stomp with the beat.
The killer bee stings you but does no damage.
The killer bee closely misses you. The killer bee stings you!
The killer bee misses you.
You closely miss the killer bee.
The killer bee is severely wounded.
The killer bee stings you!
You are poisoned.
The killer bee poisons you! The killer bee completely misses you.
You hit the killer bee but do no damage.
The killer bee is severely wounded.
You feel sick. The killer bee stings you!
You are more poisoned.
The killer bee poisons you! The killer bee barely misses you.
You miss the killer bee.
The killer bee is severely wounded.
You feel sick.
The killer bee completely misses you. x2
It was a potion of mutation.
You feel extremely strange.
You feel agile.
Your skin feels very cold.
* * * LOW HITPOINT WARNING * * *
You feel very sick. The killer bee closely misses you.
The killer bee completely misses you. x2
The killer bee stings you!
* * * LOW HITPOINT WARNING * * *
You are more poisoned.
The killer bee poisons you!
The killer bee is very cold.
You kill the killer bee!
It was a potion of lignification.
You turn into a tree.
Your +0 cloak melds into your body.
Your +0 robe melds into your body.
Your roots penetrate the ground.
* * * LOW HITPOINT WARNING * * *
You feel very sick.
The killer bee stings you but does no damage.
The killer bee is very cold.
The killer bee is almost dead.
The killer bee stings you!
You die...

.......#....'.###.'.......##.####
.......#.####...#.##########..#
.......+.# #.###.# ##.#
.......### #.#...# #.# #'######
##...## #.## ..# ###.#### #..#
### ###......# ##.#
##########.'.....y########## #.#
......##...#....♣†'........###.##
......##.###...[..########.......
......##.# #......# #####.##
......##.# #......# #.#
(.....+..# ###+#### #.#
......#### #.# #.# ......# #.#
#.# ####### #.# #.# .####### #.##
####'##


You could see a killer bee.

Vanquished Creatures
  A kobold demonologist (D:7)
  Sigmund (D:5)
  A wraith (D:9)
  2 water moccasins (D:8)
  An ice beast (D:7)
  An orc warrior (D:9)
  A black bear (D:4)
  3 ogres
  A kobold brigand (D:7)
  2 phantoms
  Blork the orc (D:5)
  5 bullfrogs
  A gnoll sergeant (D:6)
  2 scorpions
  4 wights (Ossuary)
  A burial acolyte (Ossuary)
  10 killer bees
  4 howler monkeys
  3 bombardier beetles
  A centaur skeleton (Ossuary)
  A hound (D:5)
  A jelly (D:7)
  5 orc priests
  A gnoll bouda (D:7)
  Jessica (D:3)
  3 iguanas
  Ijyb (D:4)
  14 orc wizards
  4 sleepcaps
  10 gnolls
  8 adders
  A shadow imp (D:4)
  A white imp (D:6)
  2 ufetubi
  An adder skeleton (Ossuary)
  2 dart slugs
  32 orcs
  2 ball pythons
  6 bats
  9 endoplasms
  7 giant cockroaches
  8 goblins
  6 hobgoblins
  9 jackals
  12 kobolds
  6 quokkas
  A ball python skeleton (Ossuary)
  3 frilled lizards
  A hobgoblin skeleton (Ossuary)
  2 kobold skeletons (Ossuary)
  An orc skeleton (Ossuary)
  4 rats
211 creatures vanquished.

Vanquished Creatures (others)
  An orc (D:4)
1 creature vanquished.

Grand Total: 212 creatures vanquished

Notes
Turn   | Place    | Note
-------+----------+-------------------------------------------
     0 | D:1      | monsoonserge the Spriggan Monk began the quest for the Orb.
     0 | D:1      | Reached XP level 1. HP: 11/11 MP: 2/2
   269 | D:1      | Reached XP level 2. HP: 16/16 MP: 3/3
   831 | D:2      | Reached skill level 1 in Throwing
   831 | D:2      | Reached XP level 3. HP: 15/19 MP: 4/4
  1630 | D:3      | Noticed Jessica
  1637 | D:3      | Killed Jessica
  1638 | D:3      | Reached skill level 5 in Dodging
  1638 | D:3      | Reached XP level 4. HP: 22/23 MP: 5/5
  1651 | D:3      | Found a faded altar of an unknown god.
  1994 | D:3      | Found a stormy altar of Qazlal.
  2088 | D:3      | Found a blossoming altar of Fedhas.
  2160 | D:3      | Found a runed translucent door.
  2161 | D:3      | Noticed Crazy Yiuf
  2569 | D:4      | Noticed Ijyb
  2620 | D:4      | Killed Ijyb
  2621 | D:4      | Reached XP level 5. HP: 28/28 MP: 6/6
  2915 | D:4      | Reached skill level 5 in Short Blades
  2915 | D:4      | Reached skill level 1 in Stealth
  2915 | D:4      | Reached skill level 1 in Evocations
  2955 | D:4      | Noticed a black bear
  2975 | D:4      | Killed a black bear
  2976 | D:4      | Reached XP level 6. HP: 27/32 MP: 7/7
  3386 | D:4      | Identified the +5 ring mail of Cocytus {Dex+2}
  3389 | D:4      | Noticed Eustachio
  3659 | D:4      | Reached XP level 7. HP: 36/36 MP: 8/8
  3851 | D:4      | Found Woalo's Assorted Antiques.
  3860 | D:4      | Bought a cyan potion for 18 gold pieces
  3860 | D:4      | Bought a brown potion for 18 gold pieces
  3860 | D:4      | Bought a scroll labelled UTAGIH QUPPEK for 20 gold pieces
  3860 | D:4      | Bought a scroll labelled WUARPHOOM GAIDE for 20 gold pieces
  3860 | D:4      | Bought a scroll labelled ESORYA INTO for 20 gold pieces
  3885 | D:4      | Found an opulent altar of Gozag.
  3900 | D:4      | Found a basalt altar of Yredelemnul.
  3986 | D:5      | Entered Level 5 of the Dungeon
  4001 | D:5      | Noticed Blork the orc
  4008 | D:5      | Killed Blork the orc
  4011 | D:5      | Found a sand-covered staircase.
  4068 | Ossuary  | Entered an ossuary
  4333 | Ossuary  | HP: 1/34 [wight/+1 trident of freezing (2)]
  5233 | D:5      | Reached XP level 8. HP: 23/42 MP: 9/9
  5401 | D:5      | Noticed Sigmund
  5405 | D:5      | Killed Sigmund
  5406 | D:5      | Reached skill level 5 in Stealth
  5879 | D:6      | Found a staircase to the Ecumenical Temple.
  5941 | Temple   | Found a transporter.
  5941 | Temple   | Found a transporter.
  5941 | Temple   | Found a transporter.
  5941 | Temple   | Found a transporter.
  5941 | Temple   | Entered the Ecumenical Temple
  5952 | Temple   | Upgraded the game from 0.31.0-9-g3a7656b989 to
                  | 0.31.0-10-gcf4a605ca0
  5967 | Temple   | Became a worshipper of Uskayaw the Reveller
  5967 | Temple   | Reached * piety under Uskayaw
  6271 | D:6      | Reached ** piety under Uskayaw
  6337 | D:6      | Reached skill level 1 in Invocations
  6411 | D:6      | Found Zoukhoiw's Magic Scroll Boutique.
  6479 | D:4      | Bought a scroll labelled YLYTEQE YMUCA for 20 gold pieces
  6542 | D:6      | Bought a scroll of noise for 15 gold pieces
  6907 | D:6      | Identified the amulet "Tadolua" {Acrobat SInv}
  7121 | D:6      | Reached *** piety under Uskayaw
  7446 | D:7      | Reached XP level 9. HP: 30/45 MP: 11/11
  7504 | D:7      | Found a shadowy altar of Dithmenos.
  7610 | D:7      | Reached **** piety under Uskayaw
  7615 | D:7      | Reached ***** piety under Uskayaw
  7635 | D:7      | Reached ****** piety under Uskayaw
  7993 | D:7      | Noticed a kobold demonologist
  8009 | D:7      | Noticed a rust devil
  8012 | D:7      | Killed a kobold demonologist
  8844 | D:8      | Found a shimmering blue altar of Sif Muna.
  9445 | D:8      | Identified the +1 war axe "Lizuomm" {distort, rC++ rN+
                  | rCorr}
  9543 | D:9      | Reached XP level 10. HP: 35/51 MP: 6/13
 10067 | D:10     | Entered Level 10 of the Dungeon
 10188 | D:9      | Gained mutation: You are agile. (Dex +4, Str/Int -1)
                  | [potion of mutation]
 10188 | D:9      | Gained mutation: A frigid envelope surrounds you and
                  | freezes all who hurt you. [potion of mutation]
 10189 | D:9      | Slain by a killer bee

Illustrated notes

Levels and vault maps discovered:
D:1:      minmay_arrival_loop, layout_basic, minmay_misc_feat_chi
D:2:      layout_loops_corners, nicolae_titane
D:3:      layout_basic, grunt_temple_overflow_forces_of_nature,
          hellmonk_ecumenical_altar_arch_garden, uniq_jessica,
          uniq_crazy_yiuf_cottage
D:4:      layout_gridville, mainiacjoe_overflow_big_doors, serial_shops,
          nicolae_shop_gibbet_a_chance, minmay_pentangle, uniq_eustachio,
          uniq_ijyb
D:5:      layout_basic, nicolae_ossuary_entry_ruins, uniq_blork_the_orc,
          uniq_sigmund
D:6:      layout_loops_corners, minmay_temple_entry_junction_2, serial_shops,
          shop, dk_rats_in_the_wall
D:7:      layout_basic, grunt_dithmenos_shadows
D:8:      layout_gridville, nicolae_sif_muna_little_library
D:9:      layout_roguey
D:10:     layout_big_octagon, marbit_many_paths, minitemple, lair_entry_dummy,
          chequers_hall_statues_wall_a
Temple:   hellmonk_temple_divided_pantheon

Skill      XL: |  1  2  3  4  5  6  7  8  9 |
---------------+----------------------------+-----
Throwing       | 1 2 3 4 |  4.4
Short Blades   | 4 5 6 7 9 |  9.9
Dodging        | 5 6 7 8 |  8.6
Stealth        | 1 2 4 6 9 |  9.7
Evocations     | 2 3 |  3.2
Fighting       | 3 4 |  4.8
Invocations    | 1 3 |  3.7

Action                     |  1- 3 |  4- 6 |  7- 9 | 10-12 || total
---------------------------+-------+-------+-------+-------++-------
  Melee: Short sword       |   161 |   199 |   559 |    34 ||   953
         Punch             |       |     4 |    11 |       ||    15
  Throw: Boomerang         |    11 |    22 |    31 |       ||    64
 Invoke: Stomp             |       |       |    19 |     2 ||    21
         Line Pass         |       |       |     3 |       ||     3
  Evoke: Wand              |       |     4 |     3 |       ||     7
    Use: Potion            |       |       |       |     2 ||     2
   Stab: Sleeping          |     1 |     3 |    22 |     2 ||    28
         Distracted        |       |       |     4 |       ||     4
         Paralysed         |       |       |    12 |       ||    12
         Confused          |       |       |     2 |       ||     2
 Armour: Robe              |    39 |    43 |    98 |     8 ||   188
         Skin              |       |       |       |     2 ||     2
  Dodge: Dodged            |   133 |   149 |   379 |    33 ||   694
